 Dungeon Crawl Stone Soup version 0.32-a0-872-g59262bdc9b (webtiles) character file.

Game seed: 15870951181100611339

702 funkygono the Magician (level 7, -4/36 HPs)
             Began as a Deep Elf Fire Elementalist on Mar 30, 2024.
             Slain by junkhipster's ghost (6 damage)
             ... on level 4 of the Dungeon.
             The game lasted 00:06:44 (4833 turns).

funkygono the Magician (Deep Elf Fire Elementalist) Turns: 4833, Time: 00:06:44

Health: -4/36      AC:  5    Str:  5    XL:     7   Next: 38%
Magic:  6/19       EV: 12    Int: 22    God:
Gold:   228        SH:  0    Dex: 15    Spells: 13/20 levels left

rFire   . . .        m - +3 dagger
rCold   . . .        (no shield)
rNeg    . . .        a - +0 robe
rPois   .            l - +2 helmet
rElec   .            (no cloak)
rCorr   .            (no gloves)
SInv    +            (no boots)
Will    .....        (no amulet)
Stlth   ++           k - ring of see invisible
HPRegen 0.26/turn    (no ring)
MPRegen 0.16/turn

%: no passive effects
@: no status effects
A: no striking features
a: no special abilities


You were on level 4 of the Dungeon.
You visited 1 branch of the dungeon, and saw 4 of its levels.

You collected 228 gold pieces.

Inventory:

Hand Weapons
 m - a +3 dagger (weapon)
 r - a +0 quarterstaff
Missiles
 o - a throwing net
Armour
 a - a +0 robe (worn)
 l - a +2 helmet (worn)
Jewellery
 k - a ring of see invisible (left hand)
Scrolls
 f - 2 scrolls of teleportation {unknown}
 g - 3 scrolls of vulnerability {unknown}
 i - 3 scrolls of identify {unknown}
 q - a scroll of fear {unknown}
Potions
 b - 2 potions of magic
 c - a potion of resistance {unknown}
 d - 2 potions of mutation {unknown}
 e - a potion of lignification {unknown}
 h - a potion of enlightenment {unknown}
 j - a potion of ambrosia {unknown}
 n - a potion of might {unknown}
 p - a potion of heal wounds {unknown}


   Skills:
 + Level 0.2 Fighting
 + Level 2.7 Dodging
 + Level 3.3 Stealth
 + Level 7.1 Spellcasting
 + Level 3.5 Conjurations
 + Level 6.4 Fire Magic


You had 13 spell levels left.
You knew the following spells:

 Your Spells              Type           Power      Damage    Failure   Level
a - Foxfire               Conj/Fire      100%       2x1d9     1%          1
b - Scorch                Fire           72%        2d8       1%          2
c - Flame Wave            Conj/Fire      29%        2d9       11%         4

Your spell library contained the following spells:

 Spells                   Type           Power      Damage    Failure   Level
 Sting                    Conj/Alch      60%        1d6       4%          1
 Inner Flame              Hex/Fire       22%        N/A       6%          3
 Volatile Blastmotes      Fire/Tloc      44%        2d13      6%          3
 Apportation              Tloc           14%        N/A       9%          1
 Necrotise                Necr           28%        1d5       9%          1
 Summon Small Mammal      Summ           28%        N/A       9%          1


Dungeon Overview and Level Annotations

Branches:
Dungeon (4/15)
 Temple: D:4-7

Altars:
Qazlal

Annotations:
D:4 junkhipster's ghost, amateur DsFi


Message History

Confirm with . or Enter, or press ? or * to list all spells.
Flames lash junkhipster's ghost but do no damage.
The foxfire hits junkhipster's ghost but does no damage.
Junkhipster's ghost is lightly damaged.
The foxfire hits junkhipster's ghost but does no damage.
Junkhipster's ghost is lightly damaged.
Junkhipster's ghost closely misses you.
Junkhipster's ghost attacks as it pursues you!
Junkhipster's ghost hits you!
Casting: Scorch (safe; 1% risk of failure)
Confirm with . or Enter, or press ? or * to list all spells.
You conjure some foxfire!
Junkhipster's ghost completely misses you.
Casting: Foxfire (safe; 1% risk of failure)
Confirm with . or Enter, or press ? or * to list all spells.
Flames lash junkhipster's ghost but do no damage.
The foxfire hits junkhipster's ghost but does no damage.
Junkhipster's ghost is lightly damaged.
The foxfire hits junkhipster's ghost.
Junkhipster's ghost is lightly damaged.
Junkhipster's ghost hits you!
Casting: Scorch (safe; 1% risk of failure)
Confirm with . or Enter, or press ? or * to list all spells.
Flames lash junkhipster's ghost.
Junkhipster's ghost is moderately damaged.
Junkhipster's ghost's fire resistance burns away.
Junkhipster's ghost hits you.
Casting: Scorch (safe; 1% risk of failure)
Confirm with . or Enter, or press ? or * to list all spells.
You conjure some foxfire!
Junkhipster's ghost hits you!
* * * LOW HITPOINT WARNING * * *
Casting: Foxfire (safe; 1% risk of failure)
Confirm with . or Enter, or press ? or * to list all spells.
Flames lash junkhipster's ghost but do no damage.
The foxfire hits junkhipster's ghost.
Junkhipster's ghost is heavily damaged.
The foxfire hits junkhipster's ghost but does no damage.
Junkhipster's ghost is heavily damaged.
Junkhipster's ghost hits you.
You die...

...............#..#.Z.=.. #$.#..#
...............#..##..... #..#..#
.......####....#...###($##..##..#
.......# #....##....####...#...#
.......# #.....#$.........##.#.#
.......# #.....##.........#..#.#
.......# #......##.......##....#
..†....# #.......###'''###...###
.......# #.....@W...........>#
......)# #......(.############
######## ##########


You could see junkhipster's ghost (combustible).

Vanquished Creatures
  Sigmund (D:2)
  An ice beast (D:4)
  A phantom (D:4)
  2 bombardier beetles (D:3)
  A hound (D:4)
  An orc priest (D:3)
  Jessica (D:2)
  An orc wizard (D:3)
  A scorpion simulacrum (D:4)
  Robin (D:2)
  A gnoll (D:2)
  5 adders
  A white imp (D:4)
  6 ribbon worms
  A dart slug (D:2)
  An adder simulacrum (D:4)
  4 orcs
  2 ball pythons (D:2)
  2 bats (D:1)
  8 endoplasms
  4 giant cockroaches
  14 goblins
  5 hobgoblins
  12 jackals
  9 kobolds
  8 quokkas
  8 frilled lizards
  3 rats
105 creatures vanquished.

Vanquished Creatures (collateral kills)
  2 foxfires (D:1)
2 creatures vanquished.

Vanquished Creatures (others)
  353 foxfires
353 creatures vanquished.

Grand Total: 460 creatures vanquished

Notes
Turn   | Place    | Note
-------+----------+-------------------------------------------
     0 | D:1      | funkygono the Deep Elf Fire Elementalist began the quest
                  | for the Orb.
     0 | D:1      | Reached XP level 1. HP: 10/10 MP: 6/6
   258 | D:1      | Reached XP level 2. HP: 15/15 MP: 4/8
   645 | D:1      | Learned a level 2 spell: Scorch
   888 | D:1      | Reached XP level 3. HP: 19/19 MP: 10/10
  1742 | D:2      | Reached skill level 4 in Spellcasting
  1865 | D:2      | Reached XP level 4. HP: 24/24 MP: 6/12
  2242 | D:2      | Noticed Sigmund
  2289 | D:2      | Killed Sigmund
  2290 | D:2      | Reached skill level 5 in Spellcasting
  2290 | D:2      | Reached skill level 5 in Fire Magic
  2290 | D:2      | Reached XP level 5. HP: 28/28 MP: 6/15
  2290 | D:2      | Noticed Jessica
  2292 | D:2      | Killed Jessica
  2429 | D:2      | Reached XP level 6. HP: 32/32 MP: 13/16
  2434 | D:2      | Learned a level 4 spell: Flame Wave
  2591 | D:2      | Noticed Robin
  2597 | D:2      | Killed Robin
  3173 | D:3      | Reached skill level 6 in Spellcasting
  3994 | D:4      | Reached XP level 7. HP: 36/36 MP: 8/18
  4081 | D:4      | Found a stormy altar of Qazlal.
  4171 | D:4      | Noticed a water elemental
  4171 | D:4      | Noticed a fire elemental
  4171 | D:4      | Noticed an air elemental
  4276 | D:4      | Noticed junkhipster's ghost (amateur DsFi)
  4438 | D:4      | Found a runed translucent gate.
  4438 | D:4      | Found a runed translucent gate.
  4438 | D:4      | Found a runed translucent gate.
  4761 | D:4      | Reached skill level 7 in Spellcasting
  4833 | D:4      | Slain by junkhipster's ghost

Illustrated notes

Levels and vault maps discovered:
D:1:      dpeg_arrival_water_fire, layout_basic
D:2:      layout_basic, minmay_tall_x, uniq_sigmund, uniq_jessica, uniq_robin
D:3:      layout_basic
D:4:      layout_basic, nicolae_qazlal_style_of_elements, gammafunk_ghost_icy

Skill      XL: |  1  2  3  4  5  6  7 |
---------------+----------------------+-----
Fire Magic     | 4 5 6 |  6.4
Spellcasting   | 4 5 6 7 |  7.1
Stealth        | 3 |  3.3
Conjurations   | 2 3 |  3.5
Fighting       | |  0.2
Dodging        | |  2.7

Action                     |  1- 3 |  4- 6 |  7- 9 || total
---------------------------+-------+-------+-------++-------
  Melee: Short sword       |     1 |       |       ||     1
   Cast: Foxfire           |    85 |    70 |    47 ||   202
         Scorch            |    12 |    14 |     6 ||    32
 Armour: Robe              |    12 |     3 |     9 ||    24
  Dodge: Dodged            |    22 |     3 |     2 ||    27

Table legend: (Time is in decaauts)
 A = Elapsed time spent in this place.
 B = Non-inter-level travel time spent in this place.
 C = Inter-level travel time spent in this place.
 D = Time resting spent in this place.
 E = Time spent auto-exploring this place.
 F = Levels seen in this place.
 G = Mean time per level.
                   A        B        C        D        E       F      G
               +--------+--------+--------+--------+--------+-----+--------+
         Total |   4830 |   4738 |     92 |    177 |   3921 |   4 | 1207.5 |
       Dungeon |   4830 |   4738 |     92 |    177 |   3921 |   4 | 1207.5 |
               +--------+--------+--------+--------+--------+-----+--------+

Top non-repeatable levels by time:
     D:2: 1622 daAuts
     D:1: 1510 daAuts
     D:4: 859 daAuts
     D:3: 837 daAuts
